 Dungeon Crawl Stone Soup version 0.26-a0-712-ga5a9c9c9d0 (webtiles) character file.

Game seed: 16108495080036864936

(classic levelgen) 10476 EnegeticOcto the Cleaver (level 11, -2/100 HPs)
             Began as a Deep Dwarf Fighter on Nov 5, 2020.
             Was a Priest of Makhleb.
             Slain by Urug
             ... wielding a +1 eveningstar of protection
              (8 damage)
             ... on level 11 of the Dungeon.
             The game lasted 00:04:19 (4905 turns).

EnegeticOcto the Cleaver (Deep Dwarf Fighter)       Turns: 4905, Time: 00:04:20

Health: -2/100     AC: 20    Str: 23    XL:     11   Next: 36%
Magic:  0/0        EV:  7    Int:  9    God:    Makhleb [***...]
Gold:   308        SH: 11    Dex: 12    Spells: 10/10 levels left

rFire    . . .     SeeInvis +   a - +0 war axe
rCold    . . .     Faith    .   c - +0 kite shield
rNeg     . . .     Spirit   .   v - +2 chain mail {MR+}
rPois    .         Reflect  .   t - +2 helmet
rElec    .         Harm     .   q - +2 cloak
rCorr    .         Rampage  .   (no gloves)
MR       ++...                  (no boots)
Stlth    ..........             (no amulet)
HPRegen  0.00/turn              (no ring)
MPRegen  0.07/turn              x - ring of see invisible

@: non-regenerating
A: damage resistance, heal wounds, sense surroundings 2, no regeneration
a: Heal Wounds, Minor Destruction, Lesser Servant of Makhleb, Renounce Religion


You were on level 11 of the Dungeon.
You worshipped Makhleb.
Makhleb was most pleased with you.
You visited 2 branches of the dungeon, and saw 12 of its levels.

You collected 508 gold pieces.
You spent 200 gold pieces at shops.

Inventory:

Hand Weapons
 a - a +0 war axe (weapon)
Armour
 c - a +0 kite shield (worn)
 q - a +2 cloak (worn)
 t - a +2 helmet (worn)
 v - a +2 chain mail of magic resistance (worn)
Jewellery
 l - an uncursed ring of magical power {unknown}
 x - a ring of see invisible (right hand)
Wands
 b - a wand of polymorph (5)
 n - a wand of enslavement (6)
 p - a wand of iceblast (19) {@v2}
 y - a wand of acid (7) {@v1}
 z - a wand of paralysis (9)
Scrolls
 e - 3 scrolls of identify {@r1}
 f - 2 scrolls of magic mapping {@r5}
 g - 2 scrolls of enchant weapon
 h - 6 scrolls of remove curse {@r2}
 r - a scroll of blinking
 s - 2 scrolls of fog
 u - 3 scrolls of enchant armour
 w - a scroll of immolation {@r4}
Potions
 d - 3 potions of might {@q3}
 i - a potion of haste {@q4}
 j - 3 potions of invisibility
 k - 8 potions of curing {@q1}
 m - a potion of ambrosia
 o - 2 potions of magic
Miscellaneous
 V - a condenser vane (2/2)


   Skills:
 + Level 7.2 Fighting
 * Level 11.3 Axes
 + Level 8.8 Armour
 + Level 8.7 Shields
 * Level 9.2 Invocations
 + Level 4.0 Evocations


You had 10 spell levels left.
You didn't know any spells.
Your spell library was empty.

Dungeon Overview and Level Annotations

Branches:
Dungeon (11/15)            Temple (1/1) D:7            Lair (0/6) D:9
    Orc (0/2) D:9

Altars:
Ashenzari
Elyvilon
Fedhas
Hepliaklqana
Kikubaaqudgha
Makhleb
Nemelex Xobeh
Okawaru
Qazlal
Ru
Sif Muna
Uskayaw
Xom
Yredelemnul
Zin
The Shining One

Shops:
D:10 }

Annotations:
D:11 Urug


Innate Abilities, Weirdness & Mutations

You are resistant to damage.
You can heal yourself by infusing magical energy.
You passively map the area around you.
You do not regenerate.


Message History

You barely miss Urug. The purple ugly thing kicks you!
Urug hits you with a +1 eveningstar of protection.
You slash the purple ugly thing!
You kill the purple ugly thing!
Makhleb accepts your kill.
You feel better.
Your Evocations skill increases to level 4!
You hit Urug but do no damage. Urug screams, "I'm goin' to kill you!
Now!"
Urug completely misses you.
Your shield and chain mail prevent you from hitting Urug.
Urug is lightly wounded.
Urug hits you but does no damage.
You hit Urug but do no damage.
Urug is lightly wounded.
You hit Urug but do no damage.
Urug is lightly wounded.
Urug completely misses you.
You slash Urug!
Urug is moderately wounded.
Urug hits you with a +1 eveningstar of protection.
You hit Urug.
Urug is heavily wounded.
Urug hits you with a +1 eveningstar of protection!
You barely miss Urug.
Urug is heavily wounded.
Urug squints and says, "You're the ugliest harpy I ever saw."
Urug hits you but does no damage.
You closely miss Urug.
Urug is moderately wounded.
You block Urug's attack.
You closely miss Urug.
Urug is moderately wounded.
You hit Urug.
Urug is heavily wounded.
Urug hits you with a +1 eveningstar of protection!
You are too injured to fight recklessly!
You are too injured to fight recklessly!
You are too injured to fight recklessly!
You are too injured to fight recklessly!
You are too injured to fight recklessly!
You are too injured to fight recklessly!
You are too injured to fight recklessly!
Your magical essence is drained by the effort!
You feel much better.
Urug hits you with a +1 eveningstar of protection!
You hit Urug.
Urug is heavily wounded.
Urug hits you with a +1 eveningstar of protection.
You hit Urug but do no damage.
Urug is heavily wounded.
You hit Urug but do no damage.
Urug is heavily wounded.
Urug hits you with a +1 eveningstar of protection!
You are too injured to fight recklessly!
You are too injured to fight recklessly!
You are too injured to fight recklessly!
You are too injured to fight recklessly!
You are too injured to fight recklessly!
You are too injured to fight recklessly!
You are too injured to fight recklessly!
You are too injured to fight recklessly!
You are too injured to fight recklessly!
You are too injured to fight recklessly!
You are too injured to fight recklessly!
You are too injured to fight recklessly!
You are too injured to fight recklessly!
You are too injured to fight recklessly!
You are too injured to fight recklessly!
You are too injured to fight recklessly!
Your shield and chain mail prevent you from hitting Urug.
Urug is heavily wounded.
Urug hits you but does no damage.
You hit Urug.
Urug is heavily wounded.
Urug hits you with a +1 eveningstar of protection!
* * * LOW HITPOINT WARNING * * *
You hit Urug.
Urug is heavily wounded.
Urug screams, "Damn your eyes!"
Urug hits you with a +1 eveningstar of protection.
You hit Urug.
Urug is heavily wounded.
You hit Urug.
Urug is heavily wounded.
Urug hits you with a +1 eveningstar of protection!!
* * * LOW HITPOINT WARNING * * *
You closely miss Urug.
Urug is heavily wounded.
You block Urug's attack.
You closely miss Urug.
Urug is heavily wounded.
You block Urug's attack.
You hit Urug but do no damage.
Urug is heavily wounded.
Urug completely misses you.
You closely miss Urug.
Urug is heavily wounded.
Urug hits you with a +1 eveningstar of protection!
You die...

## > ,, .## ,.......#
..# ,.......# ..#
.......# ### ..#
,,,.....# #.# .### *,
....####.# ...## *
#..#....# ....####
#o†#.##.# ..#....#
##@..##.# .#####.####
###.(###..# #### ##
#....###....###<## ###
##..# #
####..##.##..##.#
##.###..## #
##.##.##.(##.# #..##.)##
# #.[..##...#.# #..##.##
#
###....#..#.###..#..####
# ##.....(.........#..(.
#
###.#....(.......##)###


You could see Urug.

Vanquished Creatures
  A death knight (D:10)
  A two-headed ogre (D:8)
  A skeletal warrior (D:11)
  An ugly thing (D:11)
  2 centaur zombies
  A komodo dragon (D:9)
  A freezing wraith (D:11)
  A troll (D:9)
  6 yaks (D:11)
  A wyvern (D:11)
  3 wraiths (D:11)
  A basilisk (D:11)
  5 orc warriors
  A black bear (D:6)
  2 ice beasts
  An eye of draining (D:11)
  A phantom (D:5)
  3 sky beasts
  13 ogres
  5 centaurs
  2 big kobolds
  2 bullfrogs
  A gnoll sergeant (D:11)
  4 scorpions
  5 wights (D:6)
  2 howler monkeys
  A quasit (D:11)
  4 hounds
  5 orc priests
  A bullfrog skeleton (D:9)
  5 iguanas
  5 centaur skeletons
  Ijyb (D:4)
  7 orc wizards
  4 worker ants
  A howler monkey zombie (D:11)
  A howler monkey skeleton (D:5)
  A worker ant zombie (D:11)
  11 adders
  6 gnolls
  A shadow imp (D:6)
  2 white imps
  2 ufetubi
  An ooze (D:6)
  2 adder zombies
  4 adder skeletons
  2 worms (D:3)
  5 leopard geckos
  26 orcs
  A ball python (D:7)
  2 giant cockroaches (D:5)
  2 goblins
  17 jackals
  5 quokkas
  A ball python skeleton (D:4)
  2 frilled lizards
  A jackal skeleton (D:4)
  7 kobolds
  A rat (D:1)
  A butterfly (D:7)
205 creatures vanquished.

Vanquished Creatures (others)
  4 plants (D:9)
4 creatures vanquished.

Grand Total: 209 creatures vanquished

Notes
Turn   | Place    | Note
-------+----------+-------------------------------------------
     0 | D:1      | EnegeticOcto the Deep Dwarf Fighter began the quest for the
                  | Orb.
     0 | D:1      | Reached XP level 1. HP: 20/20 MP: 1/1
   154 | D:3      | Reached XP level 2. HP: 27/27 MP: 2/2
   219 | D:4      | Noticed an ogre
   227 | D:4      | Killed an ogre
   227 | D:4      | Reached skill level 3 in Axes
   227 | D:4      | Reached XP level 3. HP: 27/34 MP: 2/2
   227 | D:4      | Reached XP level 4. HP: 34/42 MP: 3/3
   235 | D:4      | Reached skill level 4 in Axes
   309 | D:4      | Reached XP level 5. HP: 44/49 MP: 4/4
   424 | D:4      | Noticed an ogre
   434 | D:4      | Killed an ogre
   434 | D:4      | Reached XP level 6. HP: 56/56 MP: 4/4
   459 | D:4      | Noticed Ijyb
   468 | D:4      | Killed Ijyb
   563 | D:4      | Reached skill level 5 in Axes
   719 | D:5      | Entered Level 5 of the Dungeon
   758 | D:5      | Reached XP level 7. HP: 44/64 MP: 4/4
   773 | D:5      | Reached skill level 5 in Armour
   773 | D:5      | Reached skill level 5 in Shields
   901 | D:5      | Reached skill level 6 in Axes
  1375 | D:6      | Reached XP level 8. HP: 41/73 MP: 3/3
  1378 | D:6      | Reached skill level 7 in Axes
  1474 | D:6      | Reached skill level 5 in Fighting
  1574 | D:6      | Reached skill level 8 in Axes
  1642 | D:6      | Found a glowing silver altar of Zin.
  1870 | D:7      | Gained mutation: You passively map the area around you.
                  | [Deep Dwarf growth]
  1870 | D:7      | Reached XP level 9. HP: 52/81 MP: 4/4
  1905 | D:7      | Found a staircase to the Ecumenical Temple.
  1916 | Temple   | Entered the Ecumenical Temple
  1938 | Temple   | Became a worshipper of Makhleb the Destroyer
  2097 | D:7      | Reached skill level 1 in Invocations
  2377 | D:8      | Reached skill level 9 in Axes
  2605 | D:8      | Noticed a two-headed ogre
  2622 | D:8      | Killed a two-headed ogre
  2685 | D:8      | Reached * piety under Makhleb
  2899 | D:8      | Reached skill level 5 in Invocations
  2950 | D:9      | Found a staircase to the Lair.
  2950 | D:9      | Noticed a komodo dragon
  2973 | D:9      | Killed a komodo dragon
  2973 | D:9      | Reached XP level 10. HP: 73/91 MP: 4/6
  3170 | D:9      | Found a sacrificial altar of Ru.
  3212 | D:9      | Reached skill level 10 in Axes
  3271 | D:9      | Found a staircase to the Orcish Mines.
  3658 | D:10     | Entered Level 10 of the Dungeon
  3688 | D:10     | Reached ** piety under Makhleb
  3723 | D:10     | Found Oqukhloef's Gadget Shop.
  3733 | D:10     | Bought a condenser vane (2/2) for 200 gold pieces
  4227 | D:11     | Reached skill level 1 in Evocations
  4393 | D:11     | Noticed a death knight
  4394 | D:11     | Noticed a skeletal warrior
  4441 | D:10     | Killed a death knight
  4441 | D:10     | Reached skill level 11 in Axes
  4441 | D:10     | Reached XP level 11. HP: 59/100 MP: 3/3
  4525 | D:11     | Killed a skeletal warrior
  4638 | D:11     | Reached *** piety under Makhleb
  4867 | D:11     | Noticed Urug
  4867 | D:11     | Noticed a purple ugly thing
  4883 | D:11     | Killed a purple ugly thing
  4905 | D:11     | Slain by Urug

Illustrated notes

Levels and vault maps discovered:
D:1:      dpeg_arrival_circle_labyrinth_b, layout_loops_ring,
          roderic_roman_lattice, wander_ebering_terrifying_dragon_lair
D:2:      layout_loops_ring, serial_glass, glass_columns_c, glass_columns_b
D:3:      layout_rooms
D:4:      layout_basic, uniq_ijyb
D:5:      layout_loops_cross
D:6:      layout_rooms, basic_altar, serial_park_tiny_1
D:7:      layout_gridville, minmay_temple_entry_butterflies
D:8:      layout_basic, grunt_ministairs_11
D:9:      layout_roguey, nicolae_ru_awakened_eye, david_lair_shrubbed,
          orc_0_dummy
D:10:     layout_layer_cave, serial_shops, shop
D:11:     layout_rooms, uniq_urug
Temple:   grunt_wide_crystal_templ

Skill      XL: |  1  2  3  4  5  6  7  8  9 10 11 |
---------------+----------------------------------+-----
Fighting       | 3 4 5 6 7 |  7.2
Axes           | 3 4 5 6 8 9 11 | 11.3
Armour         | 4 5 6 7 8 |  8.8
Shields        | 4 5 6 7 8 |  8.7
Invocations    | 5 8 9 |  9.2
Evocations     | 3 4 |  4.0

Action                   |  1- 3 |  4- 6 |  7- 9 | 10-12 || total
-------------------------+-------+-------+-------+-------++-------
Melee: War axe           |    32 |   102 |   342 |   436 ||   912
 Abil: Heal Wounds       |     1 |     8 |    17 |    28 ||    54
  Use: Scroll            |       |       |    15 |     3 ||    18
Armor: Scale mail        |    10 |    37 |   103 |       ||   150
       Chain mail        |       |       |    36 |   206 ||   242
Dodge: Dodged            |    10 |    39 |   123 |   127 ||   299
Block: Kite shield       |    16 |    61 |   219 |   269 ||   565

Table legend: (Time is in decaauts)
 A = Elapsed time spent in this place.
 B = Non-inter-level travel time spent in this place.
 C = Inter-level travel time spent in this place.
 D = Time resting spent in this place.
 E = Time spent auto-exploring this place.
 F = Levels seen in this place.
 G = Mean time per level.
                   A        B        C        D        E       F      G
               +--------+--------+--------+--------+--------+-----+--------+
         Total |   5058 |   4829 |    229 |     18 |   3202 |  12 |  421.5 |
       Dungeon |   5026 |   4805 |    221 |     18 |   3182 |  11 |  456.9 |
        Temple |     31 |     23 |      8 |      0 |     20 |   1 |   31.0 |
               +--------+--------+--------+--------+--------+-----+--------+

Top non-repeatable levels by time:
     D:8: 814 daAuts
    D:11: 761 daAuts
     D:9: 718 daAuts
     D:5: 677 daAuts
    D:10: 528 daAuts
     D:4: 526 daAuts
     D:6: 464 daAuts
     D:7: 305 daAuts
     D:1: 95 daAuts
     D:3: 80 daAuts
     D:2: 53 daAuts
  Temple: 31 daAuts
